Map: Echo LE (Void)

Players

flatMap

  • Race: Protoss Protoss

Bop - Winner!

  • Race: Terran Terran

VOD

Have the link to the VOD?

Description

Time

  • Played on: May 6, 2015, 3:45 a.m.
  • Length: 13:38
Show
View Real Time Build Order
Export as new Build Order

flatMap Protoss 

Build Orders:  

Get SALT Encoding   

  12  0:01  Probe  
  14  0:15  Pylon  
  14  0:19  Probe  
  14  0:33  Probe (Chrono Boost)  
  15  0:36  Forge  
  16  0:43  Probe (Chrono Boost)  
  16  0:50  Probe  
  17  0:58  Pylon  
  17  1:02  Probe  
  18  1:14  Pylon  
  18  1:21  Pylon, Photon Cannon  
  18  1:23  Pylon  
  18  1:25  Probe (Chrono Boost)  
  18  1:35  Probe (Chrono Boost)  
  19  1:47  Pylon  
  19  1:52  Probe (Chrono Boost), Pylon  
  19  2:04  Probe (Chrono Boost)  
  20  2:11  Probe (Chrono Boost)  
  21  2:15  Pylon  
  21  2:18  Nexus  
  21  2:22  Probe (Chrono Boost)  
  22  2:31  Probe (Chrono Boost)  
  22  2:33  Gateway  
  22  2:34  Pylon  
  22  2:36  Assimilator  
  22  2:38  Assimilator  
  22  2:52  Probe (Chrono Boost)  
  23  3:02  Probe (Chrono Boost)  
  24  3:09  Probe  
  25  3:20  Cybernetics Core, Zealot  
  25  3:21  Probe (Chrono Boost)  
  28  3:31  Probe (Chrono Boost)  
  28  3:34  Probe (Chrono Boost)  
  30  3:38  Probe, Pylon  
  31  3:43  Probe  
  32  3:51  Probe (Chrono Boost)  
  33  4:01  Mothership Core (Chrono Boost)  
  32  4:09  Probe (Chrono Boost)  
  33  4:15  Probe (Chrono Boost)  
  33  4:18  Warp Gate (Chrono Boost)  
  33  4:21  Twilight Council  
  33  4:22  Probe (Chrono Boost)  
  33  4:24  Gateway x2  
  34  4:26  Probe (Chrono Boost)  
  34  4:28  Gateway  
  35  4:31  Probe (Chrono Boost)  
  37  4:39  Probe x2 (Chrono Boost)  
  37  4:46  Probe x2  
  39  4:58  Probe, Robotics Facility, Blink (Chrono Boost)  
  39  4:59  Probe  
  41  5:09  Protoss Ground Armor Level 1 (Chrono Boost)  
  41  5:10  Probe, Pylon  
  42  5:20  Probe  
  43  5:22  Probe, Pylon  
  44  5:31  Assimilator  
  44  5:32  Probe  
  44  5:33  Assimilator  
  44  5:35  Pylon  
  45  5:41  Probe  
  45  5:42  Gateway  
  46  5:43  Gateway  
  46  5:46  Pylon  
  46  5:47  Pylon  
  46  5:51  Probe  
  46  5:56  Probe  
  48  6:00  Observer  
  48  6:02  Stalker x2  
  48  6:03  Probe  
  54  6:06  Stalker  
  54  6:10  Stalker  
  58  6:12  Probe  
  58  6:18  Probe  
  60  6:27  Stalker  
  60  6:28  Stalker  
  60  6:29  Probe  
  65  6:33  Stalker x2  
  65  6:36  Probe  
  70  6:42  Probe  
  69  6:49  Probe  
  70  6:59  Nexus  
  68  7:01  Protoss Ground Armor Level 2 (Chrono Boost)  
  68  7:02  Pylon  
  68  7:03  Sentry x3  
  68  7:06  Sentry  
  76  7:09  Probe  
  77  7:20  Zealot x2  
  77  7:22  Immortal (Chrono Boost)  
  85  7:28  Charge (Chrono Boost)  
  85  7:36  Photon Cannon  
  85  7:40  Zealot x2  
  85  7:41  Sentry  
  91  7:52  Pylon  
  91  7:57  Pylon  
  91  8:01  Zealot x3  
  83  8:07  Zealot x2  
  83  8:17  Probe x2 (Chrono Boost)  
  82  8:21  Probe (Chrono Boost)  
  84  8:28  Probe x2 (Chrono Boost)  
  84  8:30  Sentry x3  
  84  8:31  Sentry x2  
  84  8:32  Probe (Chrono Boost)  
  95  8:34  Probe (Chrono Boost)  
  95  8:35  Probe, Photon Cannon  
  97  8:41  Probe  
  94  8:49  Stalker  
  94  8:54  Stalker x4  
  94  9:02  Zealot  
  94  9:08  Probe  
  94  9:09  Probe  
  98  9:11  Assimilator  
  98  9:12  Protoss Ground Armor Level 3 (Chrono Boost)  
  98  9:13  Assimilator  
  98  9:16  Warp Prism (Chrono Boost)  
  100  9:23  Zealot x2, Pylon  
  102  9:27  Zealot  
  102  9:28  Zealot  
  94  9:48  Zealot x3  
  94  9:49  Zealot x3  
  102  9:59  Probe x2  
  100  10:09  Gateway  
  100  10:11  Gateway  
  100  10:13  Dark Shrine, Zealot x5  
  94  10:28  Zealot  
  92  10:29  Immortal (Chrono Boost)  
  94  10:35  Stalker  
  94  10:36  Stalker x3  
  102  10:53  Nexus  
  102  10:55  Sentry x2, Pylon  
  106  11:01  Pylon  
  104  11:07  Observer (Chrono Boost)  
  97  11:14  Zealot  
  97  11:15  Zealot x3  
  105  11:24  Zealot x2  
  105  11:28  Pylon  
  105  11:34  Stalker x2  
  105  11:35  Stalker x2  
  113  11:46  Pylon  
  102  11:56  Zealot x4  
  89  12:17  Stalker x7  
  89  12:18  Stalker  
  100  12:31  Immortal (Chrono Boost)  
  102  12:44  Dark Templar  
  102  12:45  Dark Templar x3  
  102  12:50  Zealot x2  
  102  12:51  Zealot x2  
  92  13:14  Zealot x4  
  90  13:21  Zealot  
  90  13:22  Zealot x3  
Show
View Real Time Build Order
Export as new Build Order

Bop Terran - Winner!

Build Orders: Command Center First (CC), MMM Bio 

Get SALT Encoding   

  12  0:00  SCV  
  13  0:13  SCV  
  14  0:20  Supply Depot  
  14  0:25  SCV  
  15  0:41  SCV  
  16  0:56  Command Center  
  16  0:59  SCV  
  17  1:18  Barracks  
  17  1:34  SCV  
  18  2:02  SCV  
  18  2:07  Supply Depot  
  18  2:08  Marine  
  20  2:26  Marine  
  21  2:33  Orbital Command x2  
  21  2:44  Marine  
  22  2:56  Barracks  
  22  2:58  Barracks  
  22  2:59  SCV  
  22  3:02  SCV  
  22  3:05  Marine  
  25  3:11  Bunker  
  25  3:16  SCV  
  25  3:17  SCV  
  25  3:18  Refinery  
  27  3:23  Marine  
  28  3:28  SCV  
  28  3:29  SCV  
  30  3:40  SCV, Marine  
  32  3:44  Marine  
  32  3:45  SCV  
  34  3:49  Refinery  
  34  3:52  Marine  
  35  3:56  SCV  
  35  3:57  SCV  
  35  3:58  Marine  
  39  4:16  Marine  
  40  4:17  SCV x2  
  40  4:21  Command Center  
  40  4:23  Barracks Tech Lab x2  
  40  4:29  Missile Turret  
  39  4:32  SCV x2, Missile Turret  
  41  4:41  Barracks Reactor  
  41  4:42  Supply Depot  
  41  4:44  Supply Depot, SCV x2  
  43  4:46  Stimpack  
  43  4:49  Marauder  
  45  4:56  SCV  
  45  4:57  Supply Depot  
  46  5:04  SCV, Marauder  
  49  5:09  Supply Depot  
  49  5:10  Combat Shields  
  49  5:11  Marauder  
  49  5:12  SCV  
  49  5:14  Refinery  
  52  5:15  Refinery  
  52  5:16  SCV  
  52  5:18  Supply Depot  
  52  5:19  Marine x2  
  55  5:24  SCV  
  55  5:26  Missile Turret  
  56  5:28  SCV  
  56  5:32  Marine x2  
  56  5:34  Factory  
  59  5:36  SCV, Marine  
  59  5:37  Orbital Command  
  59  5:40  SCV  
  62  5:47  Marine  
  62  5:48  SCV  
  62  5:49  Marine  
  64  5:50  Marine  
  64  5:52  Supply Depot, SCV  
  64  5:54  Marine  
  68  6:00  SCV  
  68  6:03  Engineering Bay x2  
  70  6:04  SCV  
  70  6:10  Orbital Command  
  70  6:12  SCV  
  70  6:13  Marine x3  
  70  6:14  Marine  
  75  6:19  Starport  
  75  6:20  Widow Mine  
  77  6:29  Terran Infantry Weapons Level 1, Terran Infantry Armor Level 1  
  77  6:30  Marine  
  77  6:31  Marauder, Refinery, Marine  
  77  6:32  Marauder  
  83  6:46  Barracks  
  83  6:47  Barracks  
  83  6:48  Marine x2  
  83  6:53  Marauder  
  83  6:54  Marauder  
  86  6:55  SCV x2  
  83  7:02  Orbital Command  
  83  7:04  Medivac  
  83  7:05  Widow Mine  
  83  7:06  Marine x2  
  89  7:11  SCV x2  
  89  7:14  Marauder  
  93  7:18  Marauder  
  95  7:23  SCV x2  
  95  7:24  Marine x2  
  95  7:25  Supply Depot  
  99  7:30  Missile Turret  
  99  7:32  SCV  
  99  7:35  Barracks Reactor, Marauder, SCV x2  
  99  7:36  Barracks Tech Lab  
  108  7:39  Marine  
  108  7:40  Factory Reactor  
  108  7:41  Starport Reactor  
  108  7:42  Marine  
  108  7:43  Marine  
  108  7:44  SCV  
  108  7:54  Armory  
  108  7:57  Marauder  
  110  8:01  Marauder x2, Marine x2  
  78  8:18  Widow Mine x2, Marine x2  
  78  8:19  Medivac x2  
  83  8:20  Marine x3  
  83  8:22  SCV x3, Marauder x2  
  83  8:26  Refinery  
  93  8:27  Refinery  
  93  8:30  Command Center  
  94  8:34  SCV  
  94  8:35  Marine  
  94  8:36  Marine  
  94  8:38  SCV x2, Marine x2  
  100  8:44  Barracks  
  100  8:45  Barracks  
  100  8:47  Widow Mine x2  
  104  8:49  Medivac  
  104  8:52  Marauder, Marine  
  104  8:53  Marauder  
  104  8:54  Marine, Marauder  
  108  9:03  Supply Depot  
  108  9:04  Supply Depot  
  108  9:05  Marine x2  
  108  9:09  Terran Infantry Armor Level 2  
  108  9:10  Marine  
  108  9:14  Marauder x2  
  108  9:15  Widow Mine  
  108  9:16  Widow Mine  
  117  9:18  Terran Infantry Weapons Level 2  
  117  9:25  Marauder, Marine x3  
  117  9:28  SCV x3, Supply Depot  
  125  9:35  Marauder  
  115  9:58  Marauder x2, Marine  
  115  9:59  Barracks Reactor, Marauder  
  120  10:00  Barracks Tech Lab  
  120  10:03  Widow Mine x2  
  120  10:07  Orbital Command  
  123  10:10  Marine x2  
  123  10:11  Factory  
  125  10:14  Medivac x2  
  125  10:20  Marauder x3  
  125  10:23  Marauder, Marine x2  
  120  10:30  Missile Turret  
  120  10:32  Widow Mine  
  120  10:33  Missile Turret  
  120  10:35  Concussive Shells  
  109  10:41  Barracks, Marauder  
  108  10:42  Barracks  
  108  10:44  Medivac x2  
  108  10:47  Marauder x3, Marine x5  
  108  10:48  Widow Mine  
  125  10:57  Missile Turret  
  125  11:00  Widow Mine  
  125  11:01  Orbital Command  
  125  11:02  Marauder  
  125  11:09  Marauder x2  
  121  11:17  Marauder, Marine x6  
  121  11:18  Medivac, Widow Mine  
  127  11:19  Medivac  
  127  11:24  Marauder  
  135  11:29  Widow Mine  
  135  11:30  Marauder, Marine  
  135  11:34  Marine  
  135  11:35  Marine x2  
  135  11:37  Factory Tech Lab  
  135  11:38  Marauder  
  125  11:45  Marauder  
  125  11:46  Widow Mine  
  119  11:48  Marauder, Medivac, Marine x2  
  119  11:51  Marauder  
  127  11:56  Marine x2  
  127  11:57  Widow Mine  
  127  11:59  Marauder  
  128  12:01  Widow Mine  
  128  12:02  Medivac  
  128  12:07  SCV, Marauder  
  128  12:08  SCV x3  
  138  12:09  Barracks Reactor, Marauder  
  138  12:13  Marauder  
  138  12:14  Barracks Tech Lab  
  138  12:15  Marine x2, Widow Mine  
  135  12:16  Marine  
  135  12:19  SCV  
  135  12:20  SCV  
  138  12:24  Marauder, Marine x3  
  138  12:26  Widow Mine  
  138  12:28  Marauder  
  146  12:32  SCV x3  
  144  12:45  Marauder, Marine  
  144  12:46  Marine x2, Marauder x3  
  144  12:49  Marauder  
  144  12:50  Refinery  
  156  12:53  Refinery  
  155  13:00  Marine x4  
  155  13:01  Marine  
  155  13:03  Marine  
  143  13:07  Marauder x3  
  143  13:09  SCV x4  
  134  13:18  Marine x3  
Tags
 
Add a new tag
Caveats
  • Supply blocks, unpowered buildings, or Contaminate may cause inaccurate times.
  • Supply counts are checked every 10 seconds.